 Dungeon Crawl Stone Soup version 0.31-a0-868-g674d60d6f7 (webtiles) character file.

Game seed: 16045264415296921676

19308 freelancePsychic the Slicer (level 12, 0/71 HPs)
             Began as a Gargoyle Brigand on Oct 11, 2023.
             Was a High Priest of Hepliaklqana.
             Killed by an exploding giant cockroach (10 damage)
             ... ignited by their inner flame
             ... on level 3 of the Lair of Beasts.
             The game lasted 00:22:28 (13339 turns).

freelancePsychic the Slicer (Gargoyle Brigand)     Turns: 13339, Time: 00:22:29

Health: 0/71       AC: 15    Str: 15    XL:     12   Next: 67%
Magic:  16/16      EV: 27    Int: 13    God:    Hepliaklqana [*****.]
Gold:   413        SH: 11    Dex: 15    Spells: 11/11 levels left

rFire   + . .        f - +1 rapier (elec)
rCold   + + .        y - +0 kite shield
rNeg    + . .        j - +0 steam dragon scales
rPois   ∞            A - +2 hat
rElec   +            C - scarf {rC+ rF+}
rCorr   .            (no gloves)
SInv    .            (no boots)
Will    .....        F - amulet of the acrobat
Stlth   +++          x - ring of protection from cold
HPRegen 0.31/turn    L - +4 ring of slaying
MPRegen 0.15/turn

%: acrobat
@: acrobatic
A: reduced essence, sickness immunity, AC +8, negative energy resistance 1,
electricity resistance, torment resistance 1, petrification resistance
a: Renounce Religion, Recall Ancestor, Ancestor Identity, Transference, Idealise


You were on level 3 of the Lair of Beasts.
You worshipped Hepliaklqana.
Hepliaklqana was extremely pleased with you.
You visited 2 branches of the dungeon, and saw 14 of its levels.

You collected 812 gold pieces.
You spent 399 gold pieces at shops.

Inventory:

Hand Weapons
 a - a +2 dagger
 f - a +1 rapier of electrocution (weapon)
Missiles
 d - 15 poisoned darts
 e - 8 curare-tipped darts (quivered)
 w - a throwing net
Armour
 j - +0 steam dragon scales (worn)
 y - a +0 kite shield (worn)
 A - a +2 hat (worn)
 C - a scarf of resistance (worn)
 H - +0 swamp dragon scales
Jewellery
 g - a ring of wizardry
 q - a ring of fire
 x - a ring of protection from cold (left hand)
 B - a +6 ring of strength
 F - an amulet of the acrobat (around neck)
 G - a ring of magical power
 J - a ring of see invisible
 L - a +4 ring of slaying (right hand)
 M - a ring of ice
 O - a ring of fire
Wands
 p - a wand of polymorph (12)
 t - a wand of roots (7)
 z - a wand of digging (11)
 D - a wand of charming (13)
Scrolls
 l - a scroll of silence
 n - 4 scrolls of enchant weapon
 r - a scroll of immolation
 u - 2 scrolls of amnesia
 v - a scroll of enchant armour
 Q - 2 scrolls of vulnerability
 R - a scroll of fog
 S - a scroll of revelation
Potions
 b - 2 potions of curing {@q1}
 c - 3 potions of cancellation
 h - 3 potions of heal wounds {@q2}
 i - 2 potions of degeneration {unknown}
 k - a potion of lignification {unknown}
 m - 4 potions of mutation {unknown}
 o - a potion of ambrosia {unknown}
 s - a potion of brilliance {unknown}
 E - 3 potions of invisibility {unknown}
 I - 2 potions of magic {unknown}
 K - a potion of haste {@q3}
 N - 3 potions of enlightenment {unknown}
 P - 2 potions of attraction {unknown}


   Skills:
 + Level 10.6 Fighting
 - Level 14.0 Short Blades
 - Level 1.7 Throwing
 + Level 3.6 Dodging
 - Level 5.0 Stealth
 - Level 8.1 Shields
 + Level 5.8 Invocations


You had 11 spell levels left.
You didn't know any spells.
Your spell library contained the following spells:

 Spells                   Type           Power      Damage    Failure   Level
 Necrotise                Necr           0%         1d4       58%         1
 Blink                    Tloc           0%         N/A       75%         2
 Lesser Beckoning         Tloc           0%         N/A       75%         2
 Momentum Strike          Conj/Tloc      0%         3d8       75%         2
 Static Discharge         Conj/Air       0%         2-2/arc   75%         2
 Dazzling Flash           Conj/Hex       0%         N/A       92%         3
 Gell's Gravitas          Tloc           0%         N/A       92%         3
 Teleport Other           Tloc           0%         N/A       92%         3
 Volatile Blastmotes      Fire/Tloc      0%         2d10      92%         3
 Iskenderun's Mystic Bla  Conj/Tloc      0%         2d3       100%        4
 Freezing Cloud           Conj/Ice/Air   0%         6-21      100%        5
 Starburst                Conj/Fire      0%         6d3       100%        6
 Maxwell's Capacitive Co  Air            0%         ∞         100%        8


Dungeon Overview and Level Annotations

Branches:
Dungeon (11/15)            Temple (0/1) D:4            Lair (3/5) D:11
 Spider (0/4) Lair:3          Orc (0/2) D:11
  Swamp: Lair:2-3    Shoals: Lair:2-3

Altars:
Cheibriados
Fedhas
Hepliaklqana
Kikubaaqudgha
Okawaru
Sif Muna
Vehumet
Zin
The Shining One

Shops:
D:4 (   D:5 ([(   D:10 !

Annotations:
D:4 exclusions: black bear, dart slug and gnoll bouda
D:10 4 transporters
Lair:1 exclusion: oklob plant


Innate Abilities, Weirdness & Mutations

Your life essence is reduced to manifest your ancestor. (-10% HP)
You are immune to sickness and miasma.
Your stone body is resilient. (AC +8)
You are immune to poison.
You resist negative energy. (rN+)
You are resistant to electric shocks. (rElec)
You are resistant to unholy torment.
You are immune to petrification.


Message History

You are too injured to fight recklessly!
You are too injured to fight recklessly!
You are too injured to fight recklessly!
You are too injured to fight recklessly!
You are too injured to fight recklessly!
You are too injured to fight recklessly!
You are too injured to fight recklessly!
You are too injured to fight recklessly!
As you read the scroll of immolation, it crumbles to dust.
The creatures around you are filled with an inner flame!
You block the giant cockroach's attack. x2; The demonic crawler hits you.
The demonic crawler completely misses you.
The demonic crawler hits you!
The scorpion stings you but does no damage.
You puncture the demonic crawler!
Flame seeps out of the demonic crawler.
The demonic crawler is severely wounded.
You block the giant cockroach's attack.
The demonic crawler is engulfed in blazing flames.
Flame seeps out of the demonic crawler.
The demonic crawler hits you.
The demonic crawler hits you but does no damage. x2
The giant cockroach barely misses you. The scorpion barely misses you.
You hit the scorpion.
Flame seeps out of the scorpion.
Lightning courses through the scorpion!
Flame seeps out of the scorpion.
The scorpion is almost dead.
You block the giant cockroach's attack.
The demonic crawler is engulfed in blazing flames.
Flame seeps out of the demonic crawler.
The demonic crawler closely misses you. The demonic crawler hits you.
The demonic crawler barely misses you.
The giant cockroach waves its antennae.
You block the giant cockroach's attack.
The scorpion is engulfed in blazing flames.
The scorpion explodes!
The fiery explosion engulfs the demonic crawler!!
The fiery explosion engulfs the giant cockroach!!
The fiery explosion engulfs the giant cockroach!!!
The fiery explosion engulfs you! You resist.
* * * LOW HITPOINT WARNING * * *
The giant cockroach explodes!
The fiery explosion engulfs you! You resist.
You die...

...##.#.# #..#### ###
..## ..## ##...# #.# #..#
######....#### ### ....
#..#.........####
....###...[.........##.
......................###
....#.............P......
#..B............#..#..
#w#w°§@§.........# #.#.
#w.○§§..........# ###
>....§§§§.........<.##..
...w........^........##..
#....#..............##...
...###..............#....
... ....................
.. ............ ..#...
.##...


You could see 3 worms and a giant cockroach (inner flame).

Vanquished Creatures
  Gastronok (Lair:1)
  3 two-headed ogres
  A demonic crawler (Lair:3)
  2 cyclopes (D:11)
  3 elephants (Lair:1)
  A gargoyle (D:11)
  A cane toad (Lair:3)
  Maggie (D:7)
  3 komodo dragons
  A hornet (D:9)
  4 blink frogs
  Grinder (D:3)
  5 dream sheep (Lair:3)
  3 wyverns
  12 yaks
  A wraith (D:11)
  A basilisk (Lair:3)
  A steam dragon (D:7)
  3 vampire mosquitoes (D:11)
  Menkaure (D:7)
  2 acid dragons
  7 water moccasins
  A sky beast (D:7)
  2 orc warriors (D:11)
  2 ice beasts
  2 black bears
  2 ogres
  4 centaurs
  2 wolves (Lair:2)
  4 phantoms
  2 kobold brigands
  7 bullfrogs
  3 scorpions
  7 wights
  9 killer bees
  2 howler monkeys (D:11)
  2 electric eels (Lair:1)
  3 hounds
  4 orc priests
  3 iguanas
  3 jellies
  7 orc wizards
  A sleepcap (D:7)
  6 gnolls
  8 adders
  A shadow imp (D:6)
  A white imp (D:7)
  3 worms (D:3)
  4 dart slugs
  31 orcs
  4 bats
  4 endoplasms
  3 giant cockroaches
  10 goblins
  5 hobgoblins
  A quokka (D:5)
  9 ball pythons
  4 frilled lizards
  8 kobolds
  5 rats
237 creatures vanquished.

Vanquished Creatures (collateral kills)
  An elephant (Lair:1)
  A komodo dragon (Lair:2)
  A blink frog (Lair:1)
  Sigmund (D:5)
  A wyvern (D:9)
  4 yaks
  2 steam dragons
  A water moccasin (D:9)
  An ice beast (D:7)
  An orc warrior (D:6)
  A wolf (Lair:2)
  2 centaurs
  2 bullfrogs
  2 kobold brigands
  2 gnoll sergeants
  A scorpion (D:5)
  A killer bee (D:9)
  A howler monkey (D:11)
  An orc priest (D:11)
  3 orc wizards
  5 gnolls
  An adder (D:5)
  A white imp (D:8)
  19 orcs
  A goblin (D:4)
  8 kobolds
65 creatures vanquished.

Vanquished Creatures (others)
  An acid dragon (D:10)
  4 hexers
  2 ancestors (D:4)
  An orc (D:7)
8 creatures vanquished.

Grand Total: 310 creatures vanquished

Notes
Turn   | Place    | Note
-------+----------+-------------------------------------------
     0 | D:1      | freelancePsychic the Gargoyle Brigand began the quest for
                  | the Orb.
     0 | D:1      | Reached XP level 1. HP: 12/12 MP: 1/1
    92 | D:1      | Reached skill level 2 in Short Blades
    92 | D:1      | Reached XP level 2. HP: 13/18 MP: 2/2
   369 | D:1      | Reached XP level 3. HP: 16/22 MP: 3/3
   821 | D:2      | Found a hazy altar of Hepliaklqana.
  1105 | D:2      | Became a worshipper of Hepliaklqana the Forgotten
  1240 | D:2      | Reached skill level 3 in Short Blades
  1240 | D:2      | Reached skill level 5 in Stealth
  1240 | D:2      | Reached XP level 4. HP: 28/28 MP: 4/4
  1553 | D:3      | Got a vibrating book
  1580 | D:3      | Reached skill level 1 in Invocations
  1588 | D:3      | Reached XP level 5. HP: 19/32 MP: 5/5
  1717 | D:3      | Noticed Grinder
  1727 | D:3      | Paralysed by Grinder for 5 turns
  1744 | D:3      | Killed Grinder
  1745 | D:3      | Reached skill level 4 in Short Blades
  1745 | D:3      | Reached XP level 6. HP: 20/38 MP: 5/7
  1927 | D:3      | Found a faded altar of an unknown god.
  2193 | D:4      | Reached * piety under Hepliaklqana
  2359 | D:4      | Noticed a black bear
  2567 | D:4      | Noticed an ice beast
  2583 | D:4      | Killed an ice beast
  2584 | D:4      | Reached skill level 5 in Short Blades
  2584 | D:4      | Reached XP level 7. HP: 39/39 MP: 9/9
  2779 | D:4      | Found a staircase to the Ecumenical Temple.
  3227 | D:4      | Reached skill level 1 in Shields
  3437 | D:5      | Entered Level 5 of the Dungeon
  3461 | D:5      | Reached skill level 5 in Fighting
  3578 | D:5      | Reached XP level 8. HP: 44/44 MP: 10/10
  3588 | D:5      | Reached skill level 6 in Short Blades
  3705 | D:5      | Reached ** piety under Hepliaklqana
  3706 | D:5      | Remembered your ancestor Mica as a hexer
  3877 | D:5      | Found Miptaid's Antique Weapon Emporium.
  3879 | D:5      | Found Norokang's Antique Armour Emporium.
  3881 | D:5      | Found Wetit's Weapon Emporium.
  3887 | D:5      | Bought a heavily runed leather armour for 189 gold pieces
  3887 | D:5      | Identified the +1 leather armour of the Maze {*Slow rN+
                  | Dex+5} (You bought it in a shop on level 5 of the Dungeon)
  4183 | D:5      | Noticed Sigmund
  4193 | D:5      | Killed Sigmund
  4568 | D:5      | You fall into a shaft and drop 1 floor!
  4751 | D:6      | Reached skill level 7 in Short Blades
  4872 | D:6      | Reached XP level 9. HP: 36/50 MP: 11/11
  4931 | D:6      | Found a shimmering blue altar of Sif Muna.
  4931 | D:6      | Found an ancient bone altar of Kikubaaqudgha.
  4934 | D:6      | Found a radiant altar of Vehumet.
  4951 | D:6      | Got a dusty book
  5154 | D:7      | Reached skill level 8 in Short Blades
  5275 | D:7      | Reached skill level 5 in Shields
  5415 | D:7      | Noticed Maggie
  5420 | D:7      | Killed Maggie
  5759 | D:7      | Reached skill level 9 in Short Blades
  5974 | D:7      | Reached XP level 10. HP: 57/57 MP: 12/12
  6366 | D:7      | Noticed Menkaure
  6369 | D:7      | Killed Menkaure
  6555 | D:8      | Reached *** piety under Hepliaklqana
  6968 | D:8      | Identified the +0 ring mail "Yloxzesu" {Int+4}
  7395 | D:8      | Identified the +1 robe of Irghuyta {rElec rPois Dex-4
                  | Slay+5}
  7604 | D:8      | Found a hazy altar of Hepliaklqana.
  7769 | D:8      | Found a glowing golden altar of the Shining One.
  7930 | D:9      | Reached skill level 10 in Short Blades
  8280 | D:9      | Reached XP level 11. HP: 63/63 MP: 13/13
  8280 | D:9      | Reached **** piety under Hepliaklqana
  8402 | D:9      | Reached skill level 11 in Short Blades
  8546 | D:9      | Found an iron altar of Okawaru.
  8745 | D:9      | Found a snail-covered altar of Cheibriados.
  8825 | D:9      | Found a blossoming altar of Fedhas.
  8905 | D:10     | Entered Level 10 of the Dungeon
  8913 | D:10     | Found Ebuegh's Distillery.
  8916 | D:10     | Noticed a two-headed ogre
  8916 | D:10     | Noticed a two-headed ogre
  8942 | D:10     | Killed a two-headed ogre
  8973 | D:10     | Killed a two-headed ogre
  9117 | D:10     | Bought a potion of haste for 140 gold pieces
  9117 | D:10     | Bought a potion of heal wounds for 70 gold pieces
  9234 | D:10     | Found a glowing silver altar of Zin.
  9272 | D:10     | Found a transporter.
  9300 | D:10     | Found a transporter.
  9302 | D:10     | Found a transporter.
  9339 | D:10     | Found a transporter.
  9720 | D:10     | Reached skill level 12 in Short Blades
  9759 | D:11     | Noticed a two-headed ogre
  9768 | D:11     | Killed a two-headed ogre
  9772 | D:11     | Identified a scroll of acquirement
  9772 | D:11     | Acquired a +4 ring of slaying
  9777 | D:11     | Found a staircase to the Lair.
  9866 | D:11     | Identified the +3 flail "Edarop" {heavy, rPois MP+9 Str+2
                  | Dex+2}
  9885 | D:11     | Found a staircase to the Orcish Mines.
  9983 | D:11     | Noticed a cyclops
 10098 | D:11     | Killed a cyclops
 10165 | D:11     | Reached ***** piety under Hepliaklqana
 10201 | D:11     | Noticed a cyclops
 10208 | D:11     | Killed a cyclops
 10450 | D:11     | Reached skill level 13 in Short Blades
 10976 | Lair:1   | Entered Level 1 of the Lair of Beasts
 11462 | Lair:1   | Reached XP level 12. HP: 59/68 MP: 14/14
 11664 | Lair:1   | Reached skill level 14 in Short Blades
 11670 | Lair:1   | Reached skill level 1 in Dodging
 11755 | Lair:1   | Noticed Gastronok
 11774 | Lair:1   | Killed Gastronok
 12455 | Lair:2   | Reached skill level 10 in Fighting
 12736 | Lair:2   | You fall into a shaft and drop 1 floor!
 12790 | Lair:3   | Reached skill level 5 in Invocations
 13326 | Lair:3   | Noticed a demonic crawler
 13327 | Lair:3   | Found a hole to the Spider Nest.
 13339 | Lair:3   | Killed a demonic crawler
 13339 | Lair:3   | Killed by an exploding giant cockroach... ignited by their
                  | inner flame

Illustrated notes

Levels and vault maps discovered:
D:1:      minmay_arrival_stone_box, layout_basic, st_stairs_7
D:2:      layout_loops_cross, basic_altar
D:3:      layout_rooms, hellmonk_ecumenical_altar_crossroads,
          chequers_serial_rivers_room_a, nicolae_half_adder, uniq_grinder
D:4:      minmay_recursive_quarters, layout_loops_corners,
          minmay_temple_entry_glassed_door, st_stairs_14, roderic_roman_lattice
D:5:      layout_layer_cave, nicolae_shop_distant_corner_stores, uniq_sigmund
D:6:      layout_cave_pools, grunt_temple_overflow_magic_moments, serial_glass,
          glass_columns_a, glass_columns_a, reono_crystal_passage
D:7:      minmay_s_stair_smasher, layout_loops_ring, uniq_maggie, uniq_menkaure
D:8:      layout_basic, nicolae_tso_swordbearing_angel,
          worldfamousw_hep_ancestral_shrine, hangedman_abyss_or_decor_stabs
D:9:      layout_cave_pools, fedhas_altar_4, kennysheep_mini_moat,
          chei_slow_surprise, dk_noncrumbling_3
D:10:     layout_small_grid, overflow_temple_1_default, serial_shops, shop,
          nicolae_transporter_circle
D:11:     layout_stronghold, lair_entry_dummy, david_orc_2
Lair:1:   layout_cave_pods, serial_bayou, serial_bayou_lagoon_a,
          serial_bayou_ford_a, serial_bayou_pond_a, serial_bayou_lake_a,
          uniq_gastronok
Lair:2:   layout_cave_pods, shoals_dummy_entry
Lair:3:   layout_cave_pods, nicolae_spider_entry_non_spiders

Skill      XL: |  1  2  3  4  5  6  7  8  9 10 11 12 |
---------------+-------------------------------------+-----
Short Blades   | 2 3 4 5 7 9 10 13 14 | 14.0
Fighting       | 3 4 5 6 7 9 10 | 10.6
Stealth        | 5 |  5.0
Invocations    | 1 2 3 5 |  5.8
Shields        | 1 4 6 7 8 |  8.1
Dodging        | 3 |  3.6
Throwing       | |  1.7

Action                     |  1- 3 |  4- 6 |  7- 9 | 10-12 || total
---------------------------+-------+-------+-------+-------++-------
  Melee: Rapier            |    77 |    55 |   221 |   509 ||   862
  Throw: Dart              |     5 |       |    25 |    47 ||    77
 Invoke: Ancestor Identity |       |     1 |       |       ||     1
         Recall Ancestor   |       |       |     1 |     2 ||     3
         Ancestor Life: He |       |       |     1 |       ||     1
         Transference      |       |       |       |     1 ||     1
         Idealise          |       |       |       |     1 ||     1
  Evoke: Wand              |       |     9 |       |     6 ||    15
    Use: Scroll            |     2 |     1 |     4 |    12 ||    19
         Potion            |       |     1 |     2 |     1 ||     4
   Stab: Sleeping          |     4 |     8 |     6 |    13 ||    31
         Confused          |       |       |     4 |    10 ||    14
         Distracted        |       |       |       |     7 ||     7
 Armour: Robe              |    52 |    20 |    37 |       ||   109
         Skin              |       |     2 |       |       ||     2
         Leather armour    |       |       |    65 |       ||    65
         Swamp dragon scal |       |       |    33 |    29 ||    62
         Steam dragon scal |       |       |       |   208 ||   208
  Dodge: Dodged            |    32 |    42 |    64 |   194 ||   332
  Block: Buckler           |       |       |    14 |       ||    14
         Kite shield       |       |       |    66 |   243 ||   309

Table legend: (Time is in decaauts)
 A = Elapsed time spent in this place.
 B = Non-inter-level travel time spent in this place.
 C = Inter-level travel time spent in this place.
 D = Time resting spent in this place.
 E = Time spent auto-exploring this place.
 F = Levels seen in this place.
 G = Mean time per level.
                   A        B        C        D        E       F      G
               +--------+--------+--------+--------+--------+-----+--------+
         Total |  13272 |  12700 |    572 |    542 |   9942 |  14 |  948.0 |
       Dungeon |  11127 |  10567 |    560 |    501 |   8161 |  11 | 1011.5 |
          Lair |   2145 |   2133 |     12 |     41 |   1781 |   3 |  715.0 |
               +--------+--------+--------+--------+--------+-----+--------+

Top non-repeatable levels by time:
     D:7: 1575 daAuts
    D:11: 1408 daAuts
     D:4: 1401 daAuts
     D:8: 1379 daAuts
  Lair:1: 1278 daAuts
     D:5: 1039 daAuts
     D:9: 843 daAuts
     D:1: 823 daAuts
    D:10: 804 daAuts
     D:2: 690 daAuts
     D:3: 619 daAuts
  Lair:3: 576 daAuts
     D:6: 542 daAuts
  Lair:2: 290 daAuts
